 Dungeon Crawl Stone Soup version 0.17.2-1-ge4368a0 (webtiles) character file.

186 Goblin1989 the Sneak (level 5, 0/27 HPs)
             Began as a Vine Stalker Chaos Knight on May 3, 2017.
             Splashed by a jelly's acid (5 damage)
             ... on level 5 of the Dungeon on May 4, 2017.
             The game lasted 00:06:20 (404 turns).

Goblin1989 the Sneak (Vine Stalker Chaos Knight)     Turns: 404, Time: 00:06:20

Health: 0/27       AC:  1    Str: 14    XL:     5   Next: 65%
Magic:  0/6        EV: 11    Int: 12    God:    Xom [..*...]
Gold:   23         SH:  0    Dex: 15    Spells: 0 memorised, 4 levels left

rFire  . . .     SeeInvis .     a - +0 short sword (chaos)
rCold  . . .     Clarity  .     b - +2 leather armour
rNeg   . . .     SustAt   .     (no shield)
rPois  .         Gourm    .     (no helmet)
rElec  .         Spirit   +     (no cloak)
rCorr  .         Warding  .     (no gloves)
rMut   .         Stasis   .     (no boots)
MR     .....                    (no amulet)
Stlth  +++.......               (no ring)
                                (no ring)

@: corroded equipment, very slightly contaminated, not resistant to hostile
enchantments, fairly stealthy
A: fangs 2, regeneration 1, magic shield, antimagic bite, no device heal 3, rot
immunity
a: Renounce Religion


You were on level 5 of the Dungeon.
You worshipped Xom.
You were a toy of Xom.
You were not hungry.

You visited 1 branch of the dungeon, and saw 5 of its levels.

You collected 23 gold pieces.

Inventory:

Hand Weapons
 a - a +0 short sword of chaos (weapon)
 l - the +3 falchion of Pyziptua {slice, MR+ Dex+3 SInv}
   (You found it on level 5 of the Dungeon)

   It inflicts extra damage upon your enemies.
   It affects your dexterity (+3).
   It affects your resistance to hostile enchantments.
   It lets you see invisible.
Armour
 b - a +2 leather armour (worn)
Scrolls
 f - a scroll of immolation {unknown}
 g - a scroll of amnesia {unknown}
 h - a scroll of identify {unknown}
 j - a scroll of remove curse {unknown}
Potions
 c - 3 potions of brilliance {unknown}
 d - a potion of might {unknown}
 i - a potion of resistance {unknown}
 m - 3 potions of agility {unknown}
Comestibles
 e - 3 bread rations {@e1}
 k - a meat ration {@e2}


   Skills:
 - Level 2.6 Fighting
 + Level 4.3 Short Blades
 - Level 1.5 Armour
 - Level 0.7 Dodging
 + Level 4.7 Stealth


You had 4 spell levels left.
You didn't know any spells.

Dungeon Overview and Level Annotations

Branches:
Dungeon (5/15)
 Temple: D:4-7

Altars:

Annotations:
D:4 Goblin1989's ghost, weakling VSCK


Innate Abilities, Weirdness & Mutations

You have extremely sharp teeth.
Your natural rate of healing is unusually fast.
When hurt, damage is shared between your health and your magic reserves.
Your bite disrupts and absorbs the magic of your enemies.
Potions and wands cannot restore your health.
You are immune to rotting.


Message History

You bite the giant frog skeleton, but do no damage.
The giant frog skeleton hits you.
* * * LOW HITPOINT WARNING * * *
The giant frog skeleton hits you.
* * * LOW HITPOINT WARNING * * *
You take 3 damage, and have 7/27 hp.
You now have 3/6 mp.
You hit the giant frog skeleton. You bite the giant frog skeleton.
You drain its power.
You feel invigorated. The giant frog skeleton misses you.
MP restored: 6 You hit the giant frog skeleton but do no damage.
You bite the giant frog skeleton. You drain its power.
You feel sick.
You are no longer poisoned.
The giant frog skeleton closely misses you. x2
You take 1 damage, and have 6/27 hp.
You hit the giant frog skeleton. You burn the giant frog skeleton.
The giant frog skeleton barely misses you.
The giant frog skeleton hits you.
* * * LOW HITPOINT WARNING * * *
You take 1 damage, and have 5/27 hp.
You now have 5/6 mp.
You hit the giant frog skeleton.
The giant frog skeleton completely misses you.
You barely miss the giant frog skeleton.
The orc shouts!
You bite the giant frog skeleton. You drain its power.
You feel invigorated.
You destroy the giant frog skeleton!
MP restored: 6 Unknown command.
Found a stone staircase leading down.
You see here 10 gold pieces.
You now have 23 gold pieces (gained 10).
Really walk into a travel-excluded area?
A giant gecko comes into view.
You hit the giant gecko. You freeze the giant gecko.
The giant gecko seems to slow down.
Your bite misses the giant gecko.
The giant gecko is heavily wounded.
The giant gecko closely misses you.
You hit the giant gecko but do no damage.
The giant gecko is heavily wounded.
The orc hits you with a dagger.
* * * LOW HITPOINT WARNING * * *
You take 3 damage, and have 5/27 hp.
You now have 4/6 mp.
You closely miss the giant gecko. You bite the giant gecko.
You drain its power.
You feel invigorated.
You kill the giant gecko!
The orc hits you but does no damage.
MP restored: 6 You barely miss the orc.
You bite the orc, but do no damage. You hit the orc.
The orc seems to slow down.
You bite the orc, but do no damage.
The orc is severely wounded.
The orc barely misses you.
You closely miss the orc. You bite the orc. You drain its power.
The orc is almost dead.
The orc barely misses you.
You hit the orc.
You kill the orc!
You hear the slow rusting of a distant drain.
Things that are here:
a dagger; an orc corpse Marking area around the jelly as unsafe for travelling.
A jelly comes into view.
Unknown command.
The helpless jelly fails to defend itself.
You impale the jelly!!
You kill the jelly!
You see here a sapphire falchion.
l - a sapphire falchion You hear a distant slurping noise.
Wield which item (- for none, * to show all)? (? for menu, Esc to quit)
You feel agile.
l - the +3 falchion of Pyziptua (weapon)
{slice, MR+ Dex+3 SInv} Unknown command.
The jelly quivers.
You see here 3 smoky cyan potions.
m - 3 smoky cyan potions The centaur zombie hits you.
* * * LOW HITPOINT WARNING * * *
You take 3 damage, and have 10/27 hp.
You now have 5/6 mp.
You slash the centaur zombie! You bite the centaur zombie. You drain its power.
You feel invigorated. The centaur zombie closely misses you.
MP restored: 6 You barely miss the centaur zombie.
You bite the centaur zombie. You drain its power.
The centaur zombie barely misses you. The centaur zombie barely misses you.
Wield which item (- for none, * to show all)? (? for menu, Esc to quit)
It is briefly surrounded by a scintillating aura of random colours.
a - a +0 short sword of chaos (weapon)
The jelly hits you.
* * * LOW HITPOINT WARNING * * *
You are splashed with acid!
The acid corrodes you!
The acid burns!
* * * LOW HITPOINT WARNING * * *
The centaur zombie barely misses you.
You take 5 damage, and have 6/27 hp.
You now have 4/6 mp.
You hit the jelly.
Your hands burn!
* * * LOW HITPOINT WARNING * * *
You bite the jelly. You drain its power.
You feel invigorated.
The jelly is heavily wounded.
The jelly hits you.
You are splashed with acid!
The acid burns!
You die...
Xom bursts into laughter!

█..8█.█.████.██████████████
█.?..█)█...†.†.............█
..█...█.██████..████..█████)█
.█?█.██.█ █...........█ █.█
█(█.█ ∆.█ █.██Z█████.██ █.█
.█.. █.█ █..........█ █.█ █.█
█..█.█████.█ ██.██
█.███....█████.█████.>.██
█......@..........█..█
.........ZJ██.█████....█
██..█.█.%....... ██...█
█..█.███..█..███ ███.█ █. █.
█..█..█ .█ █ █. █..█..█ .█
......█ .....██


You could see a jelly and a centaur zombie.

Vanquished Creatures
  A centaur (D:5)
  A jelly (D:5)
  A giant frog skeleton (D:5)
  2 adders
  4 orcs (D:5)
  2 giant cockroaches (D:1)
  2 giant geckos (D:5)
13 creatures vanquished.

Vanquished Creatures (others)
  An orc wizard (D:5)
  2 orcs (D:5)
3 creatures vanquished.

Grand Total: 16 creatures vanquished

Notes
Turn   | Place    | Note
--------------------------------------------------------------
     0 | D:1      | Goblin1989 the Vine Stalker Chaos Knight began the quest for the Orb.
     0 | D:1      | Reached XP level 1. HP: 11/11 MP: 2/2
     0 | D:1      | Goblin1989: =totaldur.lg goblin1989
     0 | D:1      | beem: 1943 games for goblin1989: 45d+8:13:02
     0 | D:1      | Goblin1989: =totaldur.lg goblin1989
     0 | D:1      | beem: 1943 games for goblin1989: 45d+8:13:02
     0 | D:1      | Goblin1989: !lg goblin1989 s=-god
     0 | D:1      | beem: 1943 games for goblin1989: Wu Jian, 2x Pakellas, 3x Jiyva, 3x Beogh, 4x Zin, 5x Nemelex Xobeh, 5x Yredelemnul, 6x Sif Muna, 7x The Shining One, 7x Kikubaaqudgha, 10x Qazlal, 10x Uskayaw, 15x Fedhas, 15x Xom, 18x Vehumet, 19x Elyvilon, 25x Hepliaklqana, 30x Dithmenos, 31x Ashenzari, 32x Lugonu, 41x Ru, 58x Cheibriados, 93x Makhleb, 93x Trog, 119x Gozag, 135x Okawaru, 1156x
     0 | D:1      | Goblin1989: !lg goblin1989 !won s=urune
     0 | D:1      | beem: 1914 games for goblin1989 (!won): 1873x 0, 21x 1, 13x 2, 4x 3, 2x 5, 6
     0 | D:1      | Goblin1989: !lg goblin1989 !won s=place
     0 | D:1      | beem: 1914 games for goblin1989 (!won): 434x D:1, 333x D:2, 296x D:3, 231x D:4, 112x D:5, 91x D:6, 58x D:8, 48x D:7, 28x D:10, 24x Lair:1, 23x D:9, 19x D:11, 15x Lair:2, 15x Abyss:1, 12x Ossuary, 12x Lair:3, 11x Bailey, 10x Orc:4, 10x IceCv, 10x Sewer, 8x Lair:4, 7x Lair:5, 6x Orc:1, 6x Vaults:1, 6x Orc:2, 6x Abyss:2, 5x Snake:2, 5x D:12, 5x Lab, 4x Depths:2, 4x Lair:8, 4x Vaults:4, 4x Lair:7, 4x D:14...
     0 | D:1      | Goblin1989: !lg goblin1989 !won s=version
     0 | D:1      | beem: Unknown field: version
     0 | D:1      | Goblin1989: !lg goblin1989 !won
     0 | D:1      | beem: 1914. Goblin1989 the Sneak (L6 VSCK of Xom), slain by an orc (a +0 mace) on D:5 on 2017-05-03 09:39:07, with 412 points after 1440 turns and 0:12:00.
     2 | D:1      | Noticed an electric eel
    62 | D:2      | XOM: divination: detect creatures
    81 | D:2      | XOM: medium Conj miscast
   115 | D:2      | XOM: medium Fire miscast
   150 | D:3      | XOM: butterfly on damage
   152 | D:3      | Reached skill level 3 in Short Blades
   152 | D:3      | Reached skill level 1 in Stealth
   152 | D:3      | Reached XP level 2. HP: 11/16 MP: 3/3
   192 | D:4      | Noticed Goblin1989's ghost (weakling VSCK)
   215 | D:4      | XOM: harmless Fire miscast
   221 | D:5      | Entered Level 5 of the Dungeon
   223 | D:5      | Noticed a slave
   231 | D:5      | XOM: potion effect (invisibility)
   284 | D:5      | Noticed a centaur
   287 | D:5      | Reached XP level 3. HP: 19/19 MP: 4/4
   304 | D:5      | XOM: noise
   307 | D:5      | Killed a centaur
   307 | D:5      | Reached skill level 4 in Short Blades
   307 | D:5      | Reached XP level 4. HP: 14/23 MP: 5/5
   331 | D:5      | Reached XP level 5. HP: 14/27 MP: 4/6
   357 | D:5      | XOM: enchant monster (bad)
   387 | D:5      | Got a sapphire falchion
   391 | D:5      | Identified the +3 falchion of Pyziptua {slice, MR+ Dex+3 SInv} (You found it on level 5 of the Dungeon)
   404 | D:5      | Splashed by a jelly's acid

Action                   |  1- 3 |  4- 6 || total
-------------------------+-------+-------++-------
Melee: Short sword       |    43 |    29 ||    72
       Falchion          |       |     2 ||     2
 Stab: Invisible         |     2 |     1 ||     3
       Sleeping          |       |     1 ||     1

Vault maps used:
D:1:      arrival_aquarium_a, st_stairs_5
D:2:      ecumenical_altar_2, minmay_lizard_king
D:3:      led_sif_book, lemuel_doored_altar, makhleb_grotto_becter,
          minmay_door_square, kennysheep_donut, roderic_lattice_a, uniq_robin,
          uniq_sigmund
D:4:      forest_paths, minmay_temple_entry_purple_smoke
D:5:      lemuel_round_altar, lemuel_crystal_altar, first_bread, basic_altar,
          portal_sewer_entry_c, minivault_1, uniq_blork_the_orc, uniq_pikel
